 Dungeon Sprint DCSS version 0.26-a0-1058-g8dc6ce00ff (webtiles) character file.

Game seed: 11094854255773715117

15782 Adamkad1 the Shatterer (level 12, -3/100 HPs)
             Began as a Formicid Fighter on Dec 13, 2020.
             Was the Champion of Wu Jian.
             Slain by a jumping spider (5 damage)
             ... in the Dungeon (Sprint V: "Ziggurat Sprint").
             The game lasted 00:11:18 (2061 turns).

Adamkad1 the Shatterer (Formicid Fighter)           Turns: 2061, Time: 00:11:19

Health: -3/100     AC: 37    Str: 31    XL:     12   Next: 62%
Magic:  12/12      EV:  0    Int:  6    God:    Wu Jian [******]
Gold:   0          SH:  0    Dex: 12    Spells: 11/11 levels left

rFire    . . .     SeeInvis +   B - +10 dark maul {vorpal}
rCold    + . .     Faith    .   D - +18 shield of the Gong {rElec rN+ Will+ EV-5}
rNeg     + . .     Spirit   .   C - +15 Maxwell's patent armour {-Cast -Tele rElec Will+ rCorr}
rPois    .         Reflect  .   (helmet unavailable)
rElec    +         Harm     .   (no cloak)
rCorr    +         Rampage  .   (no gloves)
Will     +++++     NoCast   +   H - +2 pair of boots {Fly}
Stlth    ..........             F - amulet of magic regeneration
HPRegen  0.26/turn              z - +6 ring of strength
MPRegen  0.38/turn              J - ring of Pocunen {rC+ Will++ AC+4 Int-3}

@: heavenly storm, flying, held, glowing
A: permanent stasis, dig shafts and tunnels, four strong arms, antennae 3, agile
1
a: Dig, Wall Jump, Serpent's Lash, Heavenly Storm, Renounce Religion, Stop
Flying


You were in the Dungeon.
You worshipped Wu Jian.
Wu Jian was exalted by your worship.
You visited 1 branch

Inventory:

Hand Weapons
 a - a +0 flail
 B - the +10 dark maul (weapon) {vorpal}
   (You found it in the Dungeon)

   It inflicts extra damage upon your enemies.
Armour
 C - the +15 Maxwell's patent armour (worn) {-Cast -Tele rElec Will+ rCorr}
   (You found it in the Dungeon)

   It insulates you from electricity.
   It affects your willpower, your defense against some magical effects.
   It prevents spellcasting.
   It prevents most forms of teleportation.
   It provides partial protection from all sources of acid and corrosion.
 D - the +18 shield of the Gong (worn) {rElec rN+ Will+ EV-5}
   (You found it in the Dungeon)

   It affects your evasion (-5).
   It insulates you from electricity.
   It protects you from negative energy.
   It affects your willpower, your defense against some magical effects.
 H - a +2 pair of boots of flying (worn)
Jewellery
 k - a ring of the Octopus King {rC+ AC+1 EV+1 Str+1 Int+1 Dex+1}
   (You found it in the Dungeon)

   [ring of protection from cold]

   It affects your AC (+1).
   It affects your evasion (+1).
   It affects your strength (+1).
   It affects your intelligence (+1).
   It affects your dexterity (+1).
   It protects you from cold.
 u - an uncursed ring of positive energy
 v - a +6 ring of dexterity
 w - a +6 ring of dexterity
 x - a +6 ring of intelligence
 y - a +6 ring of intelligence
 z - a +6 ring of strength (left hand)
 A - a +6 ring of strength
 E - the ring "Pessecze" {rN+ EV+4}
   (You found it in the Dungeon)

   [ring of evasion]

   It affects your evasion (+4).
   It protects you from negative energy.
 F - an amulet of magic regeneration (around neck)
 G - a +4 ring of protection
 I - an uncursed ring of willpower
 J - the ring of Pocunen (right hand) {rC+ Will++ AC+4 Int-3}
   (You took it off a merfolk javelineer in the Dungeon)

   [ring of protection]

   It affects your AC (+4).
   It affects your intelligence (-3).
   It protects you from cold.
   It affects your willpower, your defense against some magical effects.
Wands
 r - a wand of disintegration (7)
 s - a wand of iceblast (7)
 t - a wand of acid (7)
Scrolls
 b - 4 scrolls of enchant weapon
 c - a scroll of brand weapon
 l - 4 scrolls of amnesia
 m - 7 scrolls of fog
 n - a scroll of holy word
 o - 5 scrolls of identify
 p - 5 scrolls of remove curse
 q - 2 scrolls of fear
Potions
 d - 7 potions of might
 e - 9 potions of curing
 f - 3 potions of heal wounds
 g - 7 potions of magic
 h - 2 potions of brilliance
 i - 2 potions of invisibility
 j - 4 potions of resistance


   Skills:
 + Level 11.4 Fighting
 * Level 21.6 Maces & Flails
 + Level 11.4 Armour
 + Level 16.3 Shields


You had 11 spell levels left.
You didn't know any spells.
Your spell library was empty.

Dungeon Overview and Level Annotations

Branches:
Dungeon (1/1)

Altars:
Ashenzari
Cheibriados
Dithmenos
Elyvilon
Fedhas
Gozag
Hepliaklqana
Kikubaaqudgha
Makhleb
Nemelex Xobeh
Okawaru
Qazlal
Ru
Sif Muna
Trog
Uskayaw
Vehumet
Wu Jian
Xom
Yredelemnul
Zin
The Shining One
Beogh
Jiyva
Lugonu

Annotations:
D 1 transporter


Innate Abilities, Weirdness & Mutations

You cannot be hasted, slowed, berserked, paralysed or teleported.
You can dig through walls and to a lower floor.
Your four strong arms can wield two-handed weapons with a shield.
You have a pair of large antennae on your head. (SInv)
You are agile. (Dex +2)


Message History

The tarantella bites you but does no damage.
The demonic crawler hits you but does no damage. x2
The demonic crawler hits you.
* * * LOW HITPOINT WARNING * * *
You cannot wall jump while caught in a web.
You struggle to detach yourself from the web.
The jumping spider pounces on you but does no damage.
The jumping spider bites you but does no damage.
The emperor scorpion stings you but does no damage.
The emperor scorpion claws you.
* * * LOW HITPOINT WARNING * * *
The emperor scorpion claws you but does no damage.
The tarantella bites you but does no damage.
The demonic crawler hits you but does no damage. x2
The demonic crawler hits you.
* * * LOW HITPOINT WARNING * * *
The jumping spider pounces on you.
* * * LOW HITPOINT WARNING * * *
You are even more entangled.
The jumping spider bites you.
You die...

▓..:|s|[[)..▓▓▓▓▓▓▓▓▓▓▓▓▓
▓...)|[)}...▓...8©8...▓..
▓.......○...▓...:[))..▓..
▓.......§...▓....|)...▓..
▓.....†.☼§☼.▓....=....▓..
▓.......§§..▓.........▓..
▓..▓§.§§☼▓§.▓.........▓..
▓☼▓§☼s▓☼▓.▓.........▓..
▓..▓§☼§s@▓§.▓.▓.....▓)▓.▓
▓..§☼☼§s§s§.▓....©..).▓..
▓▓▓▓▓▓▓▓▓▓▓▓▓▓▓▓▓▓▓▓▓▓▓▓▓
▓..≈8©8...▓...8©8...▓...8
▓.≈}[≈:|≈.▓..)}[[[..▓..[:
▓≈≈:)))≈≈.▓..}.||)..▓....
▓≈..≈...≈.▓.........▓....
▓≈...≈))(.▓.........▓....
▓..≈..))))▓.........▓....


You could see an emperor scorpion, a demonic crawler, a jumping spider and a
tarantella.

Vanquished Creatures
  A mummy priest (D)
  2 merfolk javelineers (D)
  2 merfolk impalers (D)
  3 merfolk aquamancers (D)
  An alligator snapping turtle (D)
  A death scarab (D)
  3 spriggans (D)
  A shining eye (D)
  2 cyclopes (D)
  A wolf spider (D)
  A merfolk siren (D)
  A rime drake (D)
  A polar bear (D)
  3 hornets (D)
  3 wind drakes (D)
  3 jumping spiders (D)
  5 merfolk (D)
  2 slime creatures (D)
  A redback (D)
  3 ushabtiu (D)
  A yak (D)
  2 golden eyes (D)
  2 steam dragons (D)
  A hell hound (D)
  2 swamp drakes (D)
  2 black bears (D)
  2 eyes of draining (D)
  4 wolves (D)
  A centaur (D)
  A bullfrog (D)
  5 jellies (D)
  5 mummies (D)
  A river rat (D)
  3 white imps (D)
  An ufetubus (D)
  An ooze (D)
  An adder zombie (D)
  An adder simulacrum (D)
  A bat zombie (D)
  2 jackals (D)
  A ball python simulacrum (D)
  A bat simulacrum (D)
  A leopard gecko zombie (D)
82 creatures vanquished.

Vanquished Creatures (others)
  A polar bear (D)
1 creature vanquished.

Grand Total: 83 creatures vanquished

Notes
Turn   | Place    | Note
-------+----------+-------------------------------------------
     0 | D        | Adamkad1 the Formicid Fighter began the quest for the Orb.
     0 | D        | Reached XP level 1. HP: 18/18 MP: 1/1
     0 | D        | Found a shimmering blue altar of Sif Muna.
     0 | D        | Found a bloodstained altar of Trog.
     0 | D        | Found a sacrificial altar of Ru.
     0 | D        | Found a stormy altar of Qazlal.
     0 | D        | Found an iron altar of Okawaru.
     1 | D        | Found a sparkling altar of Nemelex Xobeh.
     1 | D        | Found a blossoming altar of Fedhas.
     2 | D        | Found the +6 Majin-Bo {vamp, MP+6 Int+6}
     2 | D        | Found the +9 heavy crossbow "Sniper" {vorpal, Acc+∞ SInv}
     2 | D        | Found the +10 dark maul {vorpal}
     2 | D        | Found the +15 Maxwell's patent armour {-Cast -Tele rElec
                  | Will+ rCorr}
     2 | D        | Found the +18 shield of the Gong {rElec rN+ Will+ EV-5}
     2 | D        | Found the cursed +14 obsidian axe {vorpal, +Fly SInv
                  | *Curse}
     2 | D        | Found the +7 great mace "Firestarter" {inner flame, rF++}
     2 | D        | Found the +6 shillelagh "Devastator" {shatter}
     2 | D        | Found the +11 plutonium sword {*Contam Stlth-}
     2 | D        | Found the +8 lance "Wyrmbane" {slay drac, rPois rF+ rC+
                  | AC+3}
     2 | D        | Found the +9 sword of Zonguldrok {reap}
     2 | D        | Found the cursed +13 scythe of Curses {drain, *Curse}
     2 | D        | Found the +0 sword of Power
     2 | D        | Found the +7 mace of Variability {chain chaos}
     2 | D        | Found the +7 Singing Sword {vorpal, sonic wave}
     2 | D        | Found the +8 storm bow {elec, penet}
     3 | D        | Found a transporter.
     3 | D        | Found an ancient bone altar of Kikubaaqudgha.
     3 | D        | Found a viscous altar of Jiyva.
     3 | D        | Found a corrupted altar of Lugonu.
     3 | D        | Found a hazy altar of Hepliaklqana.
     3 | D        | Found a burning altar of Makhleb.
     3 | D        | Found an opulent altar of Gozag.
    71 | D        | Became a worshipper of the Wu Jian Council
    80 | D        | Reached XP level 2. HP: 24/24 MP: 2/2
    91 | D        | Entered arena 2.
    91 | D        | Noticed a wolf
    91 | D        | Found a transporter.
    94 | D        | Killed a wolf
    95 | D        | Reached skill level 4 in Maces & Flails
    95 | D        | Reached skill level 10 in Shields
    95 | D        | Reached XP level 3. HP: 31/31 MP: 3/3
    95 | D        | Reached XP level 4. HP: 38/38 MP: 4/4
   112 | D        | Entered arena 3.
   112 | D        | Noticed a golden eye
   112 | D        | Found a transporter.
   114 | D        | Reached * piety under Wu Jian
   115 | D        | Reached XP level 5. HP: 43/43 MP: 5/5
   115 | D        | Killed a golden eye
   116 | D        | Reached skill level 5 in Fighting
   116 | D        | Reached skill level 6 in Maces & Flails
   116 | D        | Reached skill level 5 in Armour
   116 | D        | Reached XP level 6. HP: 52/52 MP: 6/6
   126 | D        | Entered arena 4.
   126 | D        | Noticed an eye of draining
   126 | D        | Noticed a slime creature
   126 | D        | Found a transporter.
   128 | D        | Killed a slime creature
   128 | D        | Reached ** piety under Wu Jian
   129 | D        | Reached skill level 7 in Maces & Flails
   129 | D        | Reached XP level 7. HP: 59/59 MP: 2/7
   132 | D        | Reached skill level 8 in Maces & Flails
   197 | D        | Entered arena 5.
   197 | D        | Noticed a yak
   197 | D        | Found a transporter.
   199 | D        | Reached *** piety under Wu Jian
   204 | D        | Killed a yak
   205 | D        | Reached skill level 9 in Maces & Flails
   205 | D        | Reached XP level 8. HP: 67/67 MP: 8/8
   218 | D        | Entered arena 6.
   218 | D        | Noticed a rime drake
   218 | D        | Found a transporter.
   220 | D        | Reached **** piety under Wu Jian
   223 | D        | Killed a rime drake
   236 | D        | Reached skill level 10 in Maces & Flails
   601 | D        | Entered arena 7.
   601 | D        | Noticed a shining eye
   601 | D        | Noticed a slime creature
   602 | D        | Found the ring of the Octopus King {rC+ AC+1 EV+1 Str+1
                  | Int+1 Dex+1}
   602 | D        | Found a transporter.
   605 | D        | Gained mutation: You are agile. (Dex +2) [a shining eye]
   606 | D        | Killed a shining eye
   606 | D        | Reached ***** piety under Wu Jian
   607 | D        | Reached skill level 12 in Maces & Flails
   607 | D        | Reached XP level 9. HP: 64/75 MP: 0/9
   612 | D        | Killed a slime creature
   614 | D        | Reached skill level 13 in Maces & Flails
   675 | D        | Got a ring of the Octopus King {rC+ AC+1 EV+1 Str+1 Int+1
                  | Dex+1}
   678 | D        | Got the ring "Pessecze" {rN+ EV+4}
   685 | D        | Entered arena 8.
   686 | D        | Found a transporter.
   696 | D        | Reached ****** piety under Wu Jian
   786 | D        | Entered arena 9.
   786 | D        | Noticed a polar bear
   786 | D        | Noticed a polar bear
   787 | D        | Found a transporter.
   792 | D        | Killed a polar bear
   792 | D        | Killed a polar bear
   793 | D        | Reached skill level 14 in Maces & Flails
   945 | D        | Entered arena 10.
   945 | D        | Noticed a spriggan rider
   946 | D        | Found a transporter.
   949 | D        | Reached XP level 10. HP: 82/82 MP: 10/10
   953 | D        | Killed a spriggan rider
   954 | D        | Reached skill level 16 in Maces & Flails
  1049 | D        | Entered arena 11.
  1049 | D        | Noticed a cyclops
  1050 | D        | Found the +2 robe of Vines {NoPotionHeal Regen+7}
  1050 | D        | Found a transporter.
  1052 | D        | Reached skill level 17 in Maces & Flails
  1056 | D        | Killed a cyclops
  1057 | D        | Reached skill level 18 in Maces & Flails
  1067 | D        | Reached XP level 11. HP: 43/87 MP: 11/11
  1361 | D        | Entered arena 12.
  1362 | D        | Noticed a death scarab
  1362 | D        | Noticed a mummy priest
  1363 | D        | Found the +5 robe of Night {Dark Will+ SInv}
  1363 | D        | Found a transporter.
  1364 | D        | Killed a death scarab
  1364 | D        | Reached skill level 19 in Maces & Flails
  1374 | D        | Noticed a jiangshi
  1375 | D        | Killed a mummy priest
  1378 | D        | Reached skill level 20 in Maces & Flails
  1589 | D        | Entered arena 13.
  1589 | D        | Noticed a merfolk javelineer
  1589 | D        | Noticed a merfolk aquamancer
  1589 | D        | Noticed a merfolk siren
  1589 | D        | Noticed an alligator snapping turtle
  1589 | D        | Noticed a merfolk impaler
  1589 | D        | Noticed a merfolk aquamancer
  1589 | D        | Noticed a merfolk aquamancer
  1590 | D        | Noticed a merfolk impaler
  1590 | D        | Identified the ring of Pocunen {rC+ Will++ AC+4 Int-3}
  1590 | D        | Noticed a merfolk javelineer
  1591 | D        | Noticed a cyclops
  1594 | D        | Found the +3 robe of Clouds {+Thunder rCloud rElec}
  1594 | D        | Found a transporter.
  1596 | D        | Killed a merfolk javelineer
  1596 | D        | Killed a merfolk javelineer
  1600 | D        | Reached skill level 15 in Shields
  1600 | D        | Killed a merfolk impaler
  1602 | D        | Killed a merfolk aquamancer
  1603 | D        | Reached skill level 10 in Fighting
  1603 | D        | Reached XP level 12. HP: 42/97 MP: 12/12
  1605 | D        | Reached skill level 10 in Armour
  1608 | D        | Killed a merfolk aquamancer
  1609 | D        | Reached skill level 21 in Maces & Flails
  1610 | D        | Killed a merfolk aquamancer
  1610 | D        | Killed a merfolk impaler
  1612 | D        | Killed an alligator snapping turtle
  2041 | D        | Entered arena 14.
  2042 | D        | Noticed an emperor scorpion
  2044 | D        | Found a transporter.
  2061 | D        | HP: 5/100 [demonic crawler (1)]
  2061 | D        | HP: 2/100 [jumping spider (3)]
  2061 | D        | Slain by a jumping spider

Illustrated notes

Levels and vault maps discovered:
D:        sprint_v [room_start, room_1, room_2, room_3, room_4, room_5, room_6,
          room_7, room_8, room_9, room_10, room_11, room_12, room_13, room_14,
          room_15, room_16, room_17, room_18, room_19, room_20, room_21,
          room_22, room_23, room_24, room_25, room_26, room_27]

Skill      XL: |  1  2  3  4  5  6  7  8  9 10 11 12 |
---------------+-------------------------------------+-----
Shields        | 9 10 11 12 13 14 15 16 | 16.3
Fighting       | 4 5 6 7 8 10 11 | 11.4
Maces & Flails | 4 6 7 9 12 14 18 20 21 | 21.6
Armour         | 4 5 6 7 8 9 11 | 11.4

Action                   |  1- 3 |  4- 6 |  7- 9 | 10-12 || total
-------------------------+-------+-------+-------+-------++-------
Melee: Maul              |     2 |     6 |    50 |    72 ||   130
Invok: Whirlwind         |       |       |    21 |    30 ||    51
       Serpent's Lash    |       |       |     3 |     6 ||     9
       Lunge             |       |       |     1 |     8 ||     9
       Heavenly Storm    |       |       |       |     3 ||     3
 Abil: Wall Jump         |       |       |     1 |       ||     1
  Use: Potion            |     1 |       |     1 |     7 ||     9
 Stab: Confused          |       |       |     1 |       ||     1
Armor: Plate armour      |     4 |     1 |    48 |   122 ||   175
Dodge: Dodged            |     1 |       |    11 |    19 ||    31
Block: Kite shield       |     9 |    10 |    94 |   164 ||   277

Table legend: (Time is in decaauts)
 A = Elapsed time spent in this place.
 B = Non-inter-level travel time spent in this place.
 C = Inter-level travel time spent in this place.
 D = Time resting spent in this place.
 E = Time spent auto-exploring this place.
 F = Levels seen in this place.
 G = Mean time per level.
                   A        B        C        D        E       F      G
               +--------+--------+--------+--------+--------+-----+--------+
         Total |   2147 |   2143 |      4 |   1625 |      1 |   1 | 2147.0 |
       Dungeon |   2147 |   2143 |      4 |   1625 |      1 |   1 | 2147.0 |
               +--------+--------+--------+--------+--------+-----+--------+

Top non-repeatable levels by time:
       D: 2147 daAuts
